 Dungeon Crawl Stone Soup version 0.28.0-43-g3370ac3207 (webtiles) character file.

Game seed: 5292650775516866199

1451 Kintaro the Ruffian (level 8, 0/74 HPs)
             Began as a Troll Artificer on Mar 28, 2022.
             Was a Follower of Qazlal.
             Slain by a +3 glaive of flaming (22 damage)
             ... created by the rancor of the Wu Jian Council
             ... on level 6 of the Dungeon.
             The game lasted 00:33:15 (4700 turns).

Kintaro the Ruffian (Troll Artificer)               Turns: 4700, Time: 00:33:15

Health: 0/74       AC:  7    Str: 21    XL:     8   Next: 47%
Magic:  7/7        EV: 10    Int:  9    God:    Qazlal [*.....]
Gold:   190        SH:  2    Dex: 12    Spells: 7/7 levels left

rFire   . . .      SeeInvis .     - Unarmed
rCold   . . .      Faith    .   (no shield)
rNeg    . . .      Spirit   .   r - +1 robe of the Purple Skies {Will+ Dex+2}
rPois   .          Reflect  .   (helmet restricted)
rElec   .          Harm     .   s - +1 cloak {rCorr}
rCorr   +          Rampage  .   (gloves unavailable)
Will    +....                   (boots unavailable)
Stlth   ++........              (no amulet)
HPRegen 1.02/turn               n - ring of resist corrosion
MPRegen 0.10/turn               (no ring)

@: no status effects
A: large, unfitting armour, claws 3, regeneration 1, shaggy fur 1, tough skin 1
a: Renounce Religion


You were on level 6 of the Dungeon.
You worshipped Qazlal.
Qazlal was aware of your devotion.
You visited 2 branches of the dungeon, and saw 7 of its levels.

You collected 415 gold pieces.
You spent 225 gold pieces at shops.

Inventory:

Hand Weapons
 j - a +0 hunting sling of flaming
Missiles
 k - 113 stones
 p - 4 sling bullets
 x - 3 boomerangs (quivered)
Armour
 b - a +0 robe
 r - the +1 robe of the Purple Skies (worn) {Will+ Dex+2}
   (You bought it in a shop on level 5 of the Dungeon)

   Dex:       It affects your dexterity (+2).
   Will:      It increases your willpower.
 s - a +1 cloak of preservation (worn)
Jewellery
 n - a ring of resist corrosion (left claw)
Wands
 c - a wand of flame (3)
 l - a wand of mindburst (11)
 u - a wand of polymorph (17)
Scrolls
 a - 2 scrolls of torment
 d - a scroll of acquirement {unknown}
 i - 7 scrolls of fog
 v - a scroll of enchant armour
Potions
 f - a potion of lignification {unknown}
 g - 2 potions of mutation {unknown}
 h - a potion of attraction {unknown}
 m - 3 potions of brilliance
 q - a potion of magic {unknown}
 t - a potion of degeneration {unknown}
Miscellaneous
 e - a piece from Xom's chessboard (13/15)


   Skills:
 * Level 2.8 Fighting
 * Level 2.5 Slings
 + Level 0.2(2.0) Throwing
 * Level 2.3 Armour
 * Level 3.5 Dodging
 * Level 2.7 Stealth
 * Level 4.5 Unarmed Combat
 * Level 3.6 Evocations


You had 7 spell levels left.
You didn't know any spells.
Your spell library was empty.

Dungeon Overview and Level Annotations

Branches:
Dungeon (6/15)             Temple (1/1) D:4

Altars:
Dithmenos
Fedhas
Gozag
Makhleb
Okawaru
Qazlal
Sif Muna
Uskayaw
Wu Jian

Shops:
D:5 [


Innate Abilities, Weirdness & Mutations

You are too large for most types of armour.
You have claws for hands.
Your natural rate of healing is unusually fast.
You are covered in fur. (AC +1)
You have tough skin. (AC +1)


Message History

The +2 dire flail of speed hits you!
You claw the +3 broad axe of electrocution!
You destroy the +3 broad axe of electrocution!
That felt strangely unrewarding.
The bullfrog skeleton misses you.
The +2 dire flail of speed is engulfed in freezing vapours.
The +2 dire flail of speed hits you!
You closely miss the +2 dire flail of speed.
The +2 dire flail of speed is heavily damaged.
The bullfrog skeleton hits you.
The +2 dire flail of speed is engulfed in freezing vapours.
You block the +2 dire flail of speed's attack.
Unknown command.
You closely miss the +2 dire flail of speed.
The +2 dire flail of speed is heavily damaged.
You block the bullfrog skeleton's attack.
The +3 glaive of flaming hits you from afar!
The +3 glaive of flaming burns you.
* * * LOW HITPOINT WARNING * * *
The +2 dire flail of speed is engulfed in freezing vapours.
The +2 dire flail of speed completely misses you.
You barely miss the +2 dire flail of speed.
You claw the +2 dire flail of speed, but do no damage.
The +2 dire flail of speed is severely damaged.
The bullfrog skeleton hits you.
* * * LOW HITPOINT WARNING * * *
The +2 dire flail of speed is engulfed in freezing vapours.
You destroy the +2 dire flail of speed!
That felt strangely unrewarding.
You make a move on Xom's chessboard...
The +3 glaive of flaming is unaffected.
The bullfrog skeleton hits you.
* * * LOW HITPOINT WARNING * * *
The +3 glaive of flaming barely misses you.
You claw the bullfrog skeleton!
The bullfrog skeleton is moderately damaged.
The bullfrog skeleton barely misses you. x2
Unknown command.
You completely miss the bullfrog skeleton.
The bullfrog skeleton is moderately damaged.
The +3 glaive of flaming hits you from afar!!
You die...

..# #. #....# ......
.# ....###
#...(####.!.... .#
.......
#####..........
....... #..........
....... #........
......?######.....###
#......[........#
#...Z..........##
#....@((.......#
#.##...........#
#...........#
#...........#
#...........#
#[.....$....#
#..........<#
#...........#


You could see 2 dancing weapons and a bullfrog skeleton.

Vanquished Creatures
  Grinder (D:4)
  8 dancing weapons
  2 sky beasts
  2 phantoms (D:5)
  2 scorpions
  A water moccasin zombie (D:5)
  A bullfrog skeleton (D:5)
  2 hounds (D:5)
  2 orc priests
  A bullfrog zombie (D:5)
  Crazy Yiuf (D:4)
  2 gnoll shamans
  2 centaur skeletons
  An iguana (D:6)
  4 orc wizards (D:5)
  Robin (D:4)
  6 gnolls
  7 adders
  A howler monkey skeleton (D:5)
  3 worms
  A dart slug (D:1)
  10 orcs
  7 endoplasms
  2 giant cockroaches (D:1)
  12 goblins
  6 hobgoblins
  5 jackals
  8 kobolds
  5 quokkas
  12 ball pythons
  9 bats
  3 frilled lizards
  6 rats
136 creatures vanquished.

Vanquished Creatures (collateral kills)
  2 dancing weapons (D:5)
  2 gnolls
  3 orcs (D:3)
  A goblin (D:3)
  A hobgoblin (D:3)
  A ball python (D:3)
  A frilled lizard (D:3)
11 creatures vanquished.

Vanquished Creatures (others)
  A black bear (D:5)
  A gnoll (D:3)
  An adder (D:5)
  A shadow imp (D:5)
  A goblin (D:1)
  A hobgoblin (D:1)
  2 jackals
8 creatures vanquished.

Grand Total: 155 creatures vanquished

Notes
Turn   | Place    | Note
-------+----------+-------------------------------------------
     0 | D:1      | Kintaro the Troll Artificer began the quest for the Orb.
     0 | D:1      | Reached XP level 1. HP: 18/18 MP: 0/0
    94 | D:1      | Reached XP level 2. HP: 26/26 MP: 1/1
   478 | D:1      | Reached skill level 1 in Fighting
   509 | D:1      | Reached XP level 3. HP: 33/33 MP: 2/2
   704 | D:2      | Found a faded altar of an unknown god.
   711 | D:2      | Prayed at the altar of an unknown god.
   711 | D:2      | Became a worshipper of the Wu Jian Council
   711 | D:2      | Reached * piety under Wu Jian
   789 | D:2      | Reached skill level 1 in Unarmed Combat
   979 | D:2      | Noticed a scorpion
   991 | D:2      | Killed a scorpion
   992 | D:2      | Reached skill level 2 in Unarmed Combat
   992 | D:2      | Reached XP level 4. HP: 41/41 MP: 3/3
  1515 | D:3      | Reached XP level 5. HP: 46/48 MP: 4/4
  1848 | D:3      | Reached skill level 1 in Armour
  1871 | D:3      | Reached ** piety under Wu Jian
  2569 | D:4      | Reached skill level 1 in Stealth
  2591 | D:4      | Reached skill level 1 in Slings
  2591 | D:4      | Reached XP level 6. HP: 33/55 MP: 5/5
  2887 | D:4      | Found a runed translucent door.
  2888 | D:4      | Noticed Crazy Yiuf
  2907 | D:4      | Killed Crazy Yiuf
  2908 | D:4      | Reached skill level 3 in Unarmed Combat
  2927 | D:4      | Found a staircase to the Ecumenical Temple.
  2975 | Temple   | Entered the Ecumenical Temple
  3045 | Temple   | Fell from the grace of Wu Jian
  3045 | Temple   | Became a worshipper of Qazlal Stormbringer
  3142 | D:4      | Noticed Grinder
  3158 | D:4      | Paralysed by Grinder for 2 turns
  3161 | D:4      | Killed Grinder
  3162 | D:4      | Reached XP level 7. HP: 63/63 MP: 6/6
  3292 | D:4      | Noticed Robin
  3298 | D:4      | Killed Robin
  3653 | D:5      | Entered Level 5 of the Dungeon
  3666 | D:5      | Reached * piety under Qazlal
  3722 | D:5      | Noticed a +3 quarterstaff of speed
  3722 | D:5      | Noticed a +2 great sword of flaming
  3722 | D:5      | Noticed a +3 vorpal quarterstaff
  3727 | D:5      | Killed a +2 great sword of flaming
  3737 | D:5      | Killed a +3 vorpal quarterstaff
  3806 | D:6      | Noticed a +4 quarterstaff of speed
  3806 | D:6      | Noticed a +0 dire flail of flaming
  3806 | D:6      | Noticed a +2 broad axe of freezing
  3806 | D:6      | Noticed a +3 vorpal broad axe
  3845 | D:5      | Reached skill level 4 in Unarmed Combat
  3845 | D:5      | Reached XP level 8. HP: 23/72 MP: 7/7
  3940 | D:5      | Found Aschaff's Armour Emporium.
  3949 | D:5      | Bought the +1 robe of the Purple Skies {Will+ Dex+2} for
                  | 225 gold pieces
  4700 | D:6      | Slain by a +3 glaive of flaming

Illustrated notes

Levels and vault maps discovered:
D:1:      dpeg_arrival_stonehenge_8_columns, layout_loops_ring
D:2:      layout_basic, shapermc_ecumenical_altar_venn,
          amcnicky_mini_corridor_feature, grunt_decor_cap, st_stairs_12
D:3:      minmay_chambers_of_twos, layout_loops_ring, minmay_cupped
D:4:      layout_gridville, minmay_temple_entry_statues,
          chequers_serial_rivers_micro_e, uniq_robin, uniq_crazy_yiuf_cottage,
          uniq_grinder
D:5:      layout_cave_pools, serial_shops, nicolae_diamond_shop, minmay_bent
D:6:      layout_basic, serial_shops, nicolae_shop_behind_doors,
          minmay_fountain_box
Temple:   mainiacjoe_temple_archimedes_tessellation

Skill      XL: |  1  2  3  4  5  6  7 |
---------------+----------------------+-----
Dodging        | 2 3 |  3.5
Fighting       | 1 2 |  2.8
Unarmed Combat | 2 3 4 |  4.5
Armour         | 1 2 |  2.3
Stealth        | 1 2 |  2.7
Slings         | 1 2 |  2.5
Evocations     | 3 |  3.6
Throwing       | |  0.2

Action                   |  1- 3 |  4- 6 |  7- 9 || total
-------------------------+-------+-------+-------++-------
Melee: Unarmed           |   132 |    57 |   110 ||   299
       Punch             |     1 |       |     2 ||     3
 Fire: Hunting sling     |       |    54 |    37 ||    91
Throw: Boomerang         |       |       |    24 ||    24
Invok: Whirlwind         |     9 |    17 |       ||    26
       Lunge             |     2 |     3 |       ||     5
Evoke: Wand              |     7 |     9 |    24 ||    40
       Piece from Xom's  |     2 |    13 |     3 ||    18
  Use: Scroll            |     4 |     2 |     6 ||    12
       Potion            |       |       |     2 ||     2
 Stab: Paralysed         |     1 |     1 |       ||     2
       Sleeping          |     1 |     1 |       ||     2
       Petrified         |       |    17 |       ||    17
Armor: Robe              |    62 |     8 |    65 ||   135
Dodge: Dodged            |    77 |    30 |    75 ||   182
Block: Other             |       |       |     9 ||     9
